 Dungeon Crawl Stone Soup version 0.27-a0-95-g5a9077b8ae (webtiles) character file.

Game seed: 11885615167098234141

1026 timneilson the Shield-Bearer (level 8, -3/48 HPs)
             Began as a Gargoyle Fighter on Jan 17, 2021.
             Was a Follower of Okawaru.
             Slain by an ogre
             ... wielding a +0 giant spiked club
              (14 damage)
             ... on level 6 of the Dungeon.
             The game lasted 00:09:25 (4660 turns).

timneilson the Shield-Bearer (Gargoyle Fighter)     Turns: 4660, Time: 00:09:25

Health: -3/48      AC: 18    Str: 21    XL:     8   Next: 23%
Magic:  0/8        EV:  6    Int: 10    God:    Okawaru [*.....]
Gold:   644        SH: 11    Dex: 15    Spells: 7/7 levels left

rFire    . . .     SeeInvis +   a - +1 long sword
rCold    . . .     Faith    .   c - +0 kite shield
rNeg     + . .     Spirit   +   e - +0 chain mail
rPois    ∞         Reflect  .   r - +0 helmet
rElec    +         Harm     .   o - +0 cloak
rCorr    .         Rampage  .   (no gloves)
Will     .....                  (no boots)
Stlth    ..........             m - amulet of guardian spirit
HPRegen  0.16/turn              j - ring of see invisible
MPRegen  0.11/turn              s - +6 ring of dexterity

@: no status effects
A: negative energy resistance 1, electricity resistance, unbreathing,
petrification resistance, miasma immunity, AC +5
a: Renounce Religion, Heroism


You were on level 6 of the Dungeon.
You worshipped Okawaru.
Okawaru was aware of your devotion.
You visited 2 branches of the dungeon, and saw 7 of its levels.
You also visited: Sewer and Ossuary.

You collected 644 gold pieces.

Inventory:

Hand Weapons
 a - a +1 long sword (weapon)
Armour
 c - a +0 kite shield (worn)
 e - a +0 chain mail (worn)
 o - a +0 cloak (worn)
 r - a +0 helmet (worn)
 x - a +0 plate armour
Jewellery
 j - a ring of see invisible (left hand)
 m - an amulet of guardian spirit (around neck)
 n - an uncursed ring of fire
 s - a +6 ring of dexterity (right hand)
Wands
 w - a wand of digging (12)
 y - a wand of acid (5)
Scrolls
 g - 2 scrolls of immolation
 i - 4 scrolls of teleportation
 l - 7 scrolls of remove curse
Potions
 b - a potion of mutation {unknown}
 d - 2 potions of might
 f - 4 potions of curing
 h - 2 potions of berserk rage
 k - 2 potions of lignification
 t - 2 potions of invisibility {unknown}
 u - 3 potions of cancellation {unknown}
 v - 2 potions of flight {unknown}


   Skills:
 + Level 4.8 Fighting
 * Level 4.6 Long Blades
 * Level 6.2 Armour
 * Level 6.3 Shields
 + Level 1.3 Invocations
 + Level 1.0 Evocations


You had 7 spell levels left.
You didn't know any spells.
Your spell library was empty.

Dungeon Overview and Level Annotations

Branches:
Dungeon (6/15)             Temple (1/1) D:4           Sewer (visited)
Ossuary (visited)

Altars:
Ashenzari
Cheibriados
Dithmenos
Elyvilon
Fedhas
Gozag
Hepliaklqana
Kikubaaqudgha
Makhleb
Nemelex Xobeh
Okawaru
Qazlal
Ru
Sif Muna
Trog
Uskayaw
Vehumet
Wu Jian
Xom
Yredelemnul
Zin
The Shining One


Innate Abilities, Weirdness & Mutations

You are resistant to torment.
Your stone body is resilient. (AC +5)
You are immune to poison.
You resist negative energy. (rN+)
You are resistant to electric shocks. (rElec)
You can survive without breathing.
You are immune to petrification.
You are immune to miasma.


Message History

You are too injured to fight recklessly!
You are too injured to fight recklessly!
You are too injured to fight recklessly!
Unknown command.
You feel much better.
The ogre hits you with a +0 giant spiked club!
You hit the ogre but do no damage.
The ogre is lightly wounded.
You hit the ogre.
The ogre is lightly wounded.
You block the ogre's attack.
You hit the ogre.
The ogre is moderately wounded.
The ogre hits you with a +0 giant spiked club!!
Ouch! That really hurt!
* * * LOW HITPOINT WARNING * * *
You barely miss the ogre.
The ogre is moderately wounded.
The ogre hits you with a +0 giant spiked club!
You die...

.# ##.## ##. #
#...##.[# #.
###......#
#..####.......#
.....?........###
..........O......
#.....<.@†......
#####.........##
##......###
#####.## .# ##


You could see an ogre.

Vanquished Creatures
  A phantom (D:5)
  2 ogres
  A big kobold (Sewer)
  A scorpion (D:4)
  A howler monkey (D:4)
  A bullfrog zombie (D:4)
  A bullfrog skeleton (D:4)
  An orc priest (D:4)
  A hound (D:6)
  3 orc wizards (D:5)
  2 iguanas
  3 worker ants
  3 big kobold zombies (Ossuary)
  2 mummies (Ossuary)
  A worker ant zombie (D:5)
  4 adders
  3 river rats
  A white imp (D:5)
  2 oozes
  3 adder skeletons
  3 worms
  The ghost of Anias the Sneak, a weakling OpDe (D:5)
  2 dart slugs
  A leopard gecko (D:5)
  7 orcs
  3 ball pythons
  6 bats
  A giant cockroach (D:2)
  3 gnoll zombies (Ossuary)
  8 goblins
  8 hobgoblins
  A jackal (Sewer)
  2 quokkas (D:5)
  2 frilled lizards (D:3)
  3 goblin zombies (Ossuary)
  3 hobgoblin zombies (Ossuary)
  A jackal skeleton (D:4)
  11 kobolds
  2 orc zombies (Ossuary)
  8 rats
113 creatures vanquished.

Notes
Turn   | Place    | Note
-------+----------+-------------------------------------------
     0 | D:1      | timneilson the Gargoyle Fighter began the quest for the
                  | Orb.
     0 | D:1      | Reached XP level 1. HP: 14/14 MP: 1/1
   239 | D:1      | Reached XP level 2. HP: 19/19 MP: 2/2
   791 | D:2      | Reached XP level 3. HP: 17/23 MP: 3/3
  1456 | D:3      | Reached XP level 4. HP: 19/29 MP: 2/4
  2299 | D:4      | Reached XP level 5. HP: 29/33 MP: 3/5
  2332 | D:4      | Noticed an ogre
  2336 | D:4      | Killed an ogre
  2340 | D:4      | Reached XP level 6. HP: 38/38 MP: 6/6
  2364 | D:4      | Reached skill level 5 in Shields
  2519 | D:4      | Reached skill level 5 in Armour
  2537 | D:4      | Found a white marble altar of Elyvilon.
  2596 | D:4      | Found a staircase to the Ecumenical Temple.
  2614 | Temple   | Entered the Ecumenical Temple
  2877 | Temple   | Became a worshipper of Warmaster Okawaru
  3040 | D:4      | Reached XP level 7. HP: 39/43 MP: 5/7
  3233 | D:5      | Entered Level 5 of the Dungeon
  3306 | D:5      | Found a glowing drain.
  3315 | Sewer    | Entered a sewer
  3429 | Sewer    | Found a white marble altar of Elyvilon.
  3485 | D:5      | Noticed Anias's ghost (weakling OpDe)
  3496 | D:5      | Found a sand-covered staircase.
  3505 | Ossuary  | Entered an ossuary
  3823 | D:5      | Reached * piety under Okawaru
  4295 | D:5      | Found a sparkling altar of Nemelex Xobeh.
  4303 | D:5      | Reached XP level 8. HP: 25/48 MP: 3/8
  4471 | D:5      | Found a transporter.
  4474 | D:5      | Found a transporter.
  4511 | D:5      | Killed Anias's ghost
  4528 | D:5      | Reached skill level 1 in Invocations
  4655 | D:6      | Reached skill level 1 in Evocations
  4660 | D:6      | Slain by an ogre

Illustrated notes

Levels and vault maps discovered:
D:1:      erik_arrival_orb_chamber, layout_loops_ring, minmay_pentomino_x4
D:2:      layout_basic
D:3:      layout_loops_ring, minmay_misc_feat_more_columns, glass_columns_a
D:4:      layout_basic, lemuel_doored_altar, temple_fountains, minmay_vboxes
D:5:      layout_cave_pools, portal_sewer_entry_a,
          lightli_ossuary_entry_decrepit_ruins, gammafunk_ghost_arena,
          nemelex_dance_club_becter
D:6:      minmay_chambers_of_sixes, layout_layer_cave,
          kennysheep_generic_room_15, uniq_prince_ribbit1
Temple:   nicolae_temple_the_god_donut

Skill      XL: |  1  2  3  4  5  6  7  8 |
---------------+-------------------------+-----
Long Blades    | 2 3 4 |  4.6
Shields        | 4 5 6 |  6.3
Armour         | 4 5 6 |  6.2
Fighting       | 4 |  4.8
Invocations    | 1 |  1.3
Evocations     | 1 |  1.0

Action                   |  1- 3 |  4- 6 |  7- 9 || total
-------------------------+-------+-------+-------++-------
Melee: Long sword        |   110 |   131 |   251 ||   492
Invok: Heroism           |       |       |     1 ||     1
  Use: Scroll            |     6 |     2 |     4 ||    12
       Potion            |       |     1 |     1 ||     2
Armor: Scale mail        |    61 |    72 |       ||   133
       Chain mail        |       |       |   229 ||   229
Dodge: Dodged            |    42 |    40 |    73 ||   155
Block: Kite shield       |    70 |    72 |   199 ||   341
       Rpst.: Long sword |    11 |    12 |    19 ||    42

Table legend: (Time is in decaauts)
 A = Elapsed time spent in this place.
 B = Non-inter-level travel time spent in this place.
 C = Inter-level travel time spent in this place.
 D = Time resting spent in this place.
 E = Time spent auto-exploring this place.
 F = Levels seen in this place.
 G = Mean time per level.
                   A        B        C        D        E       F      G
               +--------+--------+--------+--------+--------+-----+--------+
         Total |   4829 |   4700 |    129 |      0 |   3436 |   9 |  536.6 |
       Dungeon |   4094 |   3978 |    116 |      0 |   3041 |   6 |  682.3 |
        Temple |    277 |    264 |     13 |      0 |    249 |   1 |  277.0 |
         Sewer |    184 |    184 |      0 |      0 |      0 |   1 |  184.0 |
       Ossuary |    273 |    273 |      0 |      0 |    146 |   1 |  273.0 |
               +--------+--------+--------+--------+--------+-----+--------+

Top non-repeatable levels by time:
     D:5: 1039 daAuts
     D:3: 795 daAuts
     D:4: 788 daAuts
     D:1: 744 daAuts
     D:2: 709 daAuts
  Temple: 277 daAuts
 Ossuary: 273 daAuts
   Sewer: 184 daAuts
     D:6: 17 daAuts
